TOP OF THE 1ST |
Hartford Yard Goats batting - Pitching for South Bend Cubs : RHP Steve Vint
|
Pitching: RHP Steve Vint
|
|
Batting: RHB Josh Lofgreen
|
0-0: Ball 1-0: Ball 2-0: Foul Ball, location: 2F 2-1: Ball 3-1: Fly out, F8 (Flyball, 8LD, EV 96.9 MPH)
|
Batting: RHB Doug D'Onofrio
|
0-0: Ball 1-0: Called Strike 1-1: Foul Ball, location: 2F 1-2: Ball 2-2: Foul Ball, location: 2F 2-2: Ball 3-2: SINGLE (Line Drive, 4MD, EV 98.8 MPH)
|
Batting: LHB Harry Folsom
|
0-0: Called Strike 0-1: Ball 1-1: Called Strike Doug D'Onofrio is caught stealing 2nd base 2-6 1-2: Ball 2-2: DOUBLE (Line Drive, 89D, EV 105.6 MPH)
|
Batting: RHB T.J. Williams
|
0-0: Ball 1-0: Foul Ball, location: 2F 1-1: Foul Ball, location: 2F 1-2: Ground out U3 (Groundball, 3, EV 86.9 MPH)
|
Top of the 1st over - 0 runs, 2 hits, 0 errors, 1 left on base; Hartford 0 - South Bend 0 |
BOTTOM OF THE 1ST |
South Bend Cubs batting - Pitching for Hartford Yard Goats : RHP Tsuneyoshi Kubo
|
Pitching: RHP Tsuneyoshi Kubo
|
|
Batting: RHB Dan Orozco
|
0-0: Ball 1-0: Ball 2-0: Ball 3-0: Base on Balls
|
Batting: RHB Adrian Cox
|
0-0: Called Strike 0-1: DOUBLE (Line Drive, 3D, EV 98.1 MPH) Dan Orozco to third
|
Batting: RHB Erik Smith
|
0-0: Called Strike 0-1: Called Strike 0-2: Hit by Pitch
|
Batting: RHB Mike Stein
|
0-0: Called Strike 0-1: Called Strike 0-2: Ball 1-2: Ball 2-2: Foul Ball, location: 2F 2-2: Strikes out looking
|
Batting: RHB David Bousfield
|
0-0: Ball 1-0: Fly out, F9 (Flyball, 9, EV 79.4 MPH) Runner from 3rd tags up, OUT at HOME! 9-2
|
Bottom of the 1st over - 0 runs, 1 hit, 0 errors, 2 left on base; Hartford 0 - South Bend 0 |
TOP OF THE 2ND |
Hartford Yard Goats batting - Pitching for South Bend Cubs : RHP Steve Vint
|
Pitching: RHP Melvin Orengo
|
|
Batting: RHB Chris Osting
|
0-0: Ground out 5-3 (Groundball, 56, EV 90.0 MPH)
|
Batting: SHB Brad Madden
|
0-0: SOLO HOME RUN (Flyball, 89XD, EV 107.5 MPH), Distance : 406 ft
|
Batting: RHB Manny Thompson
|
0-0: Ball 1-0: Foul Ball, location: 2F 1-1: Ball 2-1: Swinging Strike 2-2: Strikes out swinging
|
Batting: RHB Carlos de Jesus
|
0-0: Foul Ball, location: 2F 0-1: SINGLE (Groundball, 6S, EV 68.1 MPH) (infield hit)
|
Batting: RHB Willie Benito
|
0-0: Called Strike 0-1: SINGLE (Groundball, 5L, EV 98.8 MPH) (infield hit) Carlos de Jesus to second
|
Batting: RHB Josh Lofgreen
|
0-0: Ball 1-0: Swinging Strike 1-1: Ball 2-1: Ball 3-1: Base on Balls Carlos de Jesus to third Willie Benito to second
|
Batting: RHB Doug D'Onofrio
|
0-0: Called Strike 0-1: Ball 1-1: DOUBLE (Groundball, 5L, EV 96.2 MPH) Carlos de Jesus scores Willie Benito scores Josh Lofgreen to third
|
Pitching: RHP Scott Hanson
|
|
Batting: LHB Harry Folsom
|
0-0: Ball 1-0: Swinging Strike 1-1: Foul Ball, location: 2F 1-2: Ball 2-2: Foul Ball, location: 2F 2-2: Foul Ball, location: 2F 2-2: Foul Ball, location: 2F 2-2: Ball 3-2: Foul Ball, location: 2F 3-2: DOUBLE (Flyball, 89XD, EV 101.2 MPH) Josh Lofgreen scores Doug D'Onofrio scores
|
Batting: RHB T.J. Williams
|
0-0: Ball 1-0: Ball Wild Pitch! Harry Folsom to third 2-0: Foul Ball, location: 2F 2-1: Foul Ball, location: 2F 2-2: Foul Ball, location: 2F 2-2: Ground out 6-3 (Groundball, 6, EV 98.8 MPH)
|
Top of the 2nd over - 5 runs, 5 hits, 0 errors, 1 left on base; Hartford 5 - South Bend 0 |
BOTTOM OF THE 2ND |
South Bend Cubs batting - Pitching for Hartford Yard Goats : RHP Tsuneyoshi Kubo
|
Batting: RHB Mike Hill
|
0-0: Ball 1-0: Called Strike 1-1: Ball 2-1: Ball 3-1: Base on Balls
|
Batting: RHB Josh Burns
|
0-0: Swinging Strike 0-1: Ball 1-1: Called Strike Mike Hill steals 2nd base 1-2: Foul Ball, location: 2F 1-2: Strikes out swinging
|
Batting: RHB Dave de Wolff
|
0-0: Called Strike 0-1: DOUBLE (Line Drive, 9LD, EV 97.5 MPH) Mike Hill scores
|
Batting: RHB Ryan Bush
|
0-0: Called Strike 0-1: Foul Ball, location: 2F 0-2: Ball 1-2: Strikes out swinging
|
Batting: RHB Dan Orozco
|
0-0: Ball 1-0: Called Strike 1-1: Swinging Strike 1-2: Ball 2-2: Strikes out swinging
|
Bottom of the 2nd over - 1 run, 1 hit, 0 errors, 1 left on base; Hartford 5 - South Bend 1 |
TOP OF THE 3RD |
Hartford Yard Goats batting - Pitching for South Bend Cubs : RHP Scott Hanson
|
Batting: RHB Chris Osting
|
0-0: Ball 1-0: Ball 2-0: Called Strike 2-1: Ball 3-1: Base on Balls
|
Pitching: RHP Angel Pesina
|
|
Batting: SHB Brad Madden
|
0-0: Called Strike 0-1: Called Strike Chris Osting steals 2nd, throwing error, E2 Chris Osting to third 0-2: Fly out, F8 (Flyball, 8RD, EV 98.1 MPH) Runner from 3rd tags up, OUT at HOME! 8-2
|
Batting: RHB Manny Thompson
|
0-0: Ball 1-0: Called Strike 1-1: Ball 2-1: Called Strike 2-2: Foul Ball, location: 2F 2-2: Foul Ball, location: 2F 2-2: Strikes out swinging
|
Top of the 3rd over - 0 runs, 0 hits, 1 error, 0 left on base; Hartford 5 - South Bend 1 |
BOTTOM OF THE 3RD |
South Bend Cubs batting - Pitching for Hartford Yard Goats : RHP Tsuneyoshi Kubo
|
Batting: RHB Adrian Cox
|
0-0: Ball 1-0: Called Strike 1-1: Ball 2-1: Foul Ball, location: 2F 2-2: Strikes out swinging
|
Batting: RHB Erik Smith
|
0-0: Called Strike 0-1: Ground out 6-3 (Groundball, 56, EV 103.8 MPH)
|
Batting: RHB Mike Stein
|
0-0: Swinging Strike 0-1: Foul Ball, location: 2F 0-2: Ball 1-2: Strikes out swinging
|
Bottom of the 3rd over - 0 runs, 0 hits, 0 errors, 0 left on base; Hartford 5 - South Bend 1 |
TOP OF THE 4TH |
Hartford Yard Goats batting - Pitching for South Bend Cubs : RHP Angel Pesina
|
Batting: RHB Carlos de Jesus
|
0-0: Ball 1-0: Ball 2-0: Ball 3-0: Base on Balls
|
Batting: RHB Willie Benito
|
0-0: Ball 1-0: Ball 2-0: Called Strike 2-1: Ball 3-1: Base on Balls Carlos de Jesus to second
|
Pitching: RHP Andrew Dopp
|
|
Batting: RHB Josh Lofgreen
|
0-0: Foul Ball, location: 2F 0-1: Foul Ball, location: 2F 0-2: Ground out 5-3 (Groundball, 56S, EV 69.4 MPH) Carlos de Jesus to third Willie Benito to second
|
Batting: RHB Doug D'Onofrio
|
0-0: Ball 1-0: Called Strike 1-1: Ball 2-1: Called Strike 2-2: Foul Ball, location: 2F 2-2: SINGLE (Groundball, 4, EV 99.4 MPH) (infield hit) Carlos de Jesus scores Willie Benito to third
|
Batting: LHB Harry Folsom
|
0-0: Foul Ball, location: 2F 0-1: Swinging Strike 0-2: Ball 1-2: SINGLE (Line Drive, 4D, EV 105.0 MPH) Willie Benito scores Doug D'Onofrio to second
|
Batting: RHB T.J. Williams
|
0-0: Foul Ball, location: 2F 0-1: Ball 1-1: Ball 2-1: Foul Ball, location: 2F 2-2: Ball 3-2: Foul Ball, location: 2F 3-2: SINGLE (Groundball, 4M, EV 100.6 MPH) (infield hit) Doug D'Onofrio to third Harry Folsom to second
|
Batting: RHB Chris Osting
|
0-0: Called Strike 0-1: Called Strike 0-2: Fly out, F8 (Flyball, 8RM, EV 93.8 MPH)
|
Batting: SHB Brad Madden
|
0-0: Ball 1-0: Ball 2-0: Ball 3-0: Called Strike 3-1: Called Strike 3-2: Foul Ball, location: 2F 3-2: Base on Balls Doug D'Onofrio scores Harry Folsom to third T.J. Williams to second
|
Batting: RHB Manny Thompson
|
0-0: Ball 1-0: Called Strike 1-1: Ball 2-1: Foul Ball, location: 2F 2-2: Foul Ball, location: 2F 2-2: Strikes out looking
|
Top of the 4th over - 3 runs, 3 hits, 0 errors, 3 left on base; Hartford 8 - South Bend 1 |
BOTTOM OF THE 4TH |
South Bend Cubs batting - Pitching for Hartford Yard Goats : RHP Tsuneyoshi Kubo
|
Batting: RHB David Bousfield
|
0-0: Ball 1-0: Foul Ball, location: 2F 1-1: Ball 2-1: Ball 3-1: Called Strike 3-2: Foul Ball, location: 2F 3-2: Base on Balls
|
Batting: RHB Mike Hill
|
0-0: Called Strike 0-1: Ball David Bousfield steals 2nd base 1-1: Ball 2-1: Fly out, F2 (Popup, 2LF, EV 86.2 MPH)
|
Batting: RHB Josh Burns
|
0-0: Ball 1-0: Ball 2-0: Ball 3-0: Called Strike 3-1: Ground out 5-3 (Groundball, 5, EV 76.9 MPH)
|
Batting: RHB Dave de Wolff
|
0-0: Swinging Strike 0-1: Fly out, F9 (Flyball, 89M, EV 96.2 MPH)
|
Bottom of the 4th over - 0 runs, 0 hits, 0 errors, 1 left on base; Hartford 8 - South Bend 1 |
TOP OF THE 5TH |
Hartford Yard Goats batting - Pitching for South Bend Cubs : RHP Andrew Dopp
|
Batting: RHB Carlos de Jesus
|
0-0: Ball 1-0: Called Strike 1-1: Ball 2-1: Called Strike 2-2: Fly out, F9 (Line Drive, 89M, EV 105.6 MPH)
|
Batting: RHB Willie Benito
|
0-0: Ball 1-0: Foul Ball, location: 2F 1-1: SINGLE (Flyball, 8RS, EV 90.6 MPH)
|
Batting: RHB Josh Lofgreen
|
0-0: SINGLE (Groundball, 56D, EV 95.6 MPH) Willie Benito to second
|
Batting: RHB Doug D'Onofrio
|
0-0: Swinging Strike 0-1: 3-RUN HOME RUN (Flyball, 7LD, EV 95.6 MPH), Distance : 365 ft
|
Pitching: LHP Gilberto Alvarado
|
|
Batting: LHB Harry Folsom
|
0-0: Ground out 4-3 (Groundball, 4, EV 85.0 MPH)
|
Batting: RHB T.J. Williams
|
0-0: Foul Ball, location: 2F 0-1: Ball 1-1: Ball 2-1: Called Strike 2-2: Fly out, F4 (Line Drive, 4, EV 66.9 MPH)
|
Top of the 5th over - 3 runs, 3 hits, 0 errors, 0 left on base; Hartford 11 - South Bend 1 |
BOTTOM OF THE 5TH |
South Bend Cubs batting - Pitching for Hartford Yard Goats : RHP Tsuneyoshi Kubo
|
Batting: RHB Ryan Bush
|
0-0: Called Strike 0-1: Ball 1-1: Ground out 5-3 (Groundball, 56S, EV 78.8 MPH)
|
Batting: RHB Dan Orozco
|
0-0: Foul Ball, location: 2F 0-1: Foul Ball, location: 2F 0-2: Ball 1-2: Ball 2-2: Ball 3-2: Foul Ball, location: 2F 3-2: Base on Balls
|
Batting: RHB Adrian Cox
|
0-0: Called Strike Dan Orozco steals 2nd base 0-1: Foul Ball, location: 2F 0-2: Ball 1-2: Ball 2-2: Ground out 5-3 (Groundball, 25, EV 93.1 MPH)
|
Batting: RHB Erik Smith
|
0-0: Called Strike 0-1: Ball 1-1: Ball 2-1: Ball Wild Pitch! Dan Orozco to third 3-1: Base on Balls
|
Pitching: RHP Wilson Mendez
|
|
Batting: RHB Mike Stein
|
0-0: Foul Ball, location: 2F 0-1: Ball Passed Ball! Dan Orozco scores Erik Smith to second 1-1: Ball 2-1: Foul Ball, location: 2F 2-2: Strikes out looking
|
Bottom of the 5th over - 1 run, 0 hits, 0 errors, 1 left on base; Hartford 11 - South Bend 2 |
TOP OF THE 6TH |
Hartford Yard Goats batting - Pitching for South Bend Cubs : LHP Gilberto Alvarado
|
Batting: RHB Chris Osting
|
0-0: Ball 1-0: Ball 2-0: Called Strike 2-1: Ball 3-1: Base on Balls
|
Batting: SHB Brad Madden
|
0-0: Called Strike 0-1: Ball 1-1: Ball 2-1: Fly out, F9 (Flyball, 9D, EV 97.5 MPH)
|
Batting: RHB Manny Thompson
|
0-0: Called Strike 0-1: Ball 1-1: Ball 2-1: Ball 3-1: Grounds into double play, U6-3 (Groundball, 4M, EV 86.9 MPH)
|
Top of the 6th over - 0 runs, 0 hits, 0 errors, 0 left on base; Hartford 11 - South Bend 2 |
BOTTOM OF THE 6TH |
South Bend Cubs batting - Pitching for Hartford Yard Goats : RHP Wilson Mendez
|
Batting: RHB David Bousfield
|
0-0: Called Strike 0-1: Called Strike 0-2: Strikes out swinging
|
Batting: RHB Mike Hill
|
0-0: SINGLE (Groundball, 56, EV 102.5 MPH)
|
Batting: RHB Josh Burns
|
0-0: Ball 1-0: Ball Mike Hill is caught stealing 2nd base 2-4 2-0: Called Strike 2-1: Called Strike 2-2: Foul Ball, location: 2F 2-2: Ground out 6-3 (Groundball, P, EV 92.5 MPH)
|
Bottom of the 6th over - 0 runs, 1 hit, 0 errors, 0 left on base; Hartford 11 - South Bend 2 |
TOP OF THE 7TH |
Hartford Yard Goats batting - Pitching for South Bend Cubs : LHP Gilberto Alvarado
|
Batting: RHB Carlos de Jesus
|
0-0: Foul Ball, location: 2F 0-1: Foul Ball, location: 2F 0-2: Ball 1-2: Foul Ball, location: 2F 1-2: Ground out 6-3 (Groundball, 6, EV 88.8 MPH)
|
Batting: RHB Willie Benito
|
0-0: Called Strike 0-1: Ball 1-1: Ground out 6-3 (Groundball, 6, EV 84.4 MPH)
|
Batting: RHB Josh Lofgreen
|
0-0: Ball 1-0: Ball 2-0: Foul Ball, location: 2F 2-1: Foul Ball, location: 2F 2-2: Ball 3-2: Base on Balls
|
Batting: RHB Doug D'Onofrio
|
0-0: DOUBLE (Line Drive, 89D, EV 108.8 MPH) Josh Lofgreen to third
|
Batting: LHB Harry Folsom
|
0-0: Called Strike 0-1: Foul Ball, location: 2F 0-2: Ball Wild Pitch! Josh Lofgreen scores Doug D'Onofrio to third 1-2: TRIPLE (Flyball, 89XD, EV 103.1 MPH) Doug D'Onofrio scores
|
Pitching: RHP Victor Ramirez
|
|
Batting: RHB T.J. Williams
|
0-0: Called Strike 0-1: Ball 1-1: Foul Ball, location: 2F 1-2: Ball 2-2: Ball 3-2: Foul Ball, location: 2F 3-2: Strikes out swinging
|
Top of the 7th over - 2 runs, 2 hits, 0 errors, 1 left on base; Hartford 13 - South Bend 2 |
BOTTOM OF THE 7TH |
South Bend Cubs batting - Pitching for Hartford Yard Goats : RHP Wilson Mendez
|
Batting: RHB Dave de Wolff
|
0-0: Ball 1-0: Ball 2-0: Swinging Strike 2-1: SOLO HOME RUN (Flyball, 78XD, EV 115.6 MPH), Distance : 431 ft
|
Batting: RHB Ryan Bush
|
0-0: Ball 1-0: Foul Ball, location: 2F 1-1: Swinging Strike 1-2: Ball 2-2: Strikes out swinging
|
Batting: RHB Dan Orozco
|
0-0: Ball 1-0: Ball 2-0: Foul Ball, location: 2F 2-1: Called Strike 2-2: Ball 3-2: Base on Balls
|
Batting: RHB Adrian Cox
|
0-0: 2-RUN HOME RUN (Flyball, 78XD, EV 106.2 MPH), Distance : 405 ft
|
Batting: RHB Erik Smith
|
0-0: Ground out 5-3 (Groundball, 5S, EV 62.5 MPH)
|
Batting: RHB Mike Stein
|
0-0: Ball 1-0: Fly out, F8 (Flyball, 89M, EV 90.0 MPH)
|
Bottom of the 7th over - 3 runs, 2 hits, 0 errors, 0 left on base; Hartford 13 - South Bend 5 |
TOP OF THE 8TH |
Hartford Yard Goats batting - Pitching for South Bend Cubs : RHP Victor Ramirez
|
Batting: RHB Chris Osting
|
0-0: Called Strike 0-1: Ball 1-1: Ball 2-1: Ball 3-1: Called Strike 3-2: Fly out, F8 (Flyball, 8RXD, EV 99.4 MPH)
|
Batting: SHB Brad Madden
|
0-0: Called Strike 0-1: Called Strike 0-2: Foul Ball, location: 2F 0-2: Foul Ball, location: 2F 0-2: Foul Ball, location: 2F 0-2: Fly out, F8 (Flyball, 8LD, EV 103.1 MPH)
|
Batting: RHB Manny Thompson
|
0-0: Ground out 6-3 (Groundball, 6S, EV 83.1 MPH)
|
Top of the 8th over - 0 runs, 0 hits, 0 errors, 0 left on base; Hartford 13 - South Bend 5 |
BOTTOM OF THE 8TH |
South Bend Cubs batting - Pitching for Hartford Yard Goats : RHP Wilson Mendez
|
Batting: RHB David Bousfield
|
0-0: Ball 1-0: Ball 2-0: Foul Ball, location: 2F 2-1: Foul Ball, location: 2F 2-2: Strikes out looking
|
Batting: RHB Mike Hill
|
0-0: Foul Ball, location: 2F 0-1: Ground out 6-3 (Groundball, 6D, EV 81.2 MPH)
|
Batting: RHB Josh Burns
|
0-0: Ball 1-0: Ball 2-0: Ball 3-0: Called Strike 3-1: Base on Balls
|
Batting: RHB Dave de Wolff
|
0-0: Ball 1-0: Ball 2-0: Swinging Strike 2-1: Fielders Choice at 2nd, 6-4 (Groundball, 6D, EV 83.8 MPH)
|
Bottom of the 8th over - 0 runs, 0 hits, 0 errors, 1 left on base; Hartford 13 - South Bend 5 |
TOP OF THE 9TH |
Hartford Yard Goats batting - Pitching for South Bend Cubs : RHP Victor Ramirez
|
Batting: RHB Carlos de Jesus
|
0-0: Ball 1-0: SINGLE (Groundball, 4M, EV 105.0 MPH)
|
Batting: RHB Willie Benito
|
0-0: Called Strike 0-1: Hit by Pitch Carlos de Jesus to second
|
Batting: RHB Josh Lofgreen
|
0-0: Ball 1-0: Ball Wild Pitch! Carlos de Jesus to third Willie Benito to second 2-0: Swinging Strike 2-1: Swinging Strike 2-2: Ball 3-2: Base on Balls
|
Batting: RHB Doug D'Onofrio
|
0-0: SINGLE (Line Drive, 8LS, EV 92.5 MPH) Carlos de Jesus scores Willie Benito to third Josh Lofgreen to second
|
Batting: LHB Harry Folsom
|
0-0: Ball 1-0: DOUBLE (Line Drive, 8RXD, EV 108.8 MPH) Willie Benito scores Josh Lofgreen scores Doug D'Onofrio to third
|
Pinch Hitting: LHB Jason Ryan
|
0-0: Ball 1-0: Fly out, F7 (Flyball, 7S, EV 95.0 MPH) Runner from 3rd tags up, SCORES, throw by LF
|
Batting: RHB Chris Osting
|
0-0: Ball 1-0: Ball 2-0: Swinging Strike 2-1: Ball 3-1: Called Strike 3-2: Ground out 5-3 (Groundball, 56, EV 96.9 MPH)
|
Pinch Hitting: RHB Ray Insley
|
0-0: Called Strike 0-1: Foul Ball, location: 2F 0-2: 2-RUN HOME RUN (Flyball, 7D, EV 105.0 MPH), Distance : 405 ft
|
Batting: RHB Manny Thompson
|
0-0: Foul Ball, location: 2F 0-1: Fly out, F8 (Flyball, 8RS, EV 84.4 MPH)
|
Top of the 9th over - 6 runs, 4 hits, 0 errors, 0 left on base; Hartford 19 - South Bend 5 |
BOTTOM OF THE 9TH |
South Bend Cubs batting - Pitching for Hartford Yard Goats : RHP Wilson Mendez
|
Now at 1B: Jason Ryan
|
|
Now in LF: Chris Osting
|
|
Now in CF: Ray Insley
|
|
Batting: RHB Ryan Bush
|
0-0: SINGLE (Groundball, 56D, EV 97.5 MPH)
|
Pitching: RHP Saburo Fujimoto
|
|
Batting: RHB Dan Orozco
|
0-0: Called Strike 0-1: Ball 1-1: Ball 2-1: SINGLE (Groundball, 4MD, EV 96.9 MPH) Ryan Bush to second
|
Batting: RHB Adrian Cox
|
0-0: Grounds into double play, 6-4-3 (Groundball, 6, EV 89.4 MPH) Ryan Bush to third
|
Batting: RHB Erik Smith
|
0-0: Called Strike 0-1: Foul Ball, location: 2F 0-2: Foul Ball, location: 2F 0-2: Ball 1-2: Strikes out swinging
|
Bottom of the 9th over - 0 runs, 2 hits, 0 errors, 1 left on base; Hartford 19 - South Bend 5 |
|